 Dungeon Crawl Stone Soup version 0.28-a0-230-g086cc6695f (webtiles) character file.

Game seed: 5259680040073134697

89 Gargoyl the Skirmisher (level 4, 41/41 HPs)
             Began as a Gnoll Abyssal Knight on Aug 22, 2021.
             Was a Follower of Lugonu.
             Quit the game on level 2 of the Dungeon.
             The game lasted 00:02:25 (1867 turns).

Gargoyl the Skirmisher (Gnoll Abyssal Knight)       Turns: 1867, Time: 00:02:25

Health: 41/41      AC:  7    Str:  8    XL:     4   Next: 55%
Magic:  7/7        EV:  5    Int: 12    God:    Lugonu [*.....]
Gold:   61         SH:  7    Dex: 11    Spells: 5/5 levels left

rFire   . . .      SeeInvis .   a - +1 hand axe
rCold   . . .      Faith    .   l - +0 kite shield
rNeg    . . .      Spirit   .   i - +0 scale mail
rPois   .          Reflect  .   (no helmet)
rElec   .          Harm     .   (no cloak)
rCorr   +          Rampage  .   (no gloves)
Will    .....                   (no boots)
Stlth   ..........              (no amulet)
HPRegen 0.13/turn               c - +4 ring of slaying
MPRegen 0.10/turn               k - ring of resist corrosion

@: no status effects
A: fangs 1, strong nose, distributed training, weak 2
a: Renounce Religion, Depart the Abyss


You were on level 2 of the Dungeon.
You worshipped Lugonu.
Lugonu was aware of your devotion.
You visited 1 branch of the dungeon, and saw 2 of its levels.
You visited the Abyss 1 time.

You collected 61 gold pieces.

Inventory:

Hand Weapons
 a - a +1 hand axe (weapon)
Armour
 i - a +0 scale mail (worn)
 l - a +0 kite shield (worn)
Jewellery
 c - a +4 ring of slaying (left hand)
 k - a ring of resist corrosion (right hand)
Scrolls
 b - a scroll of blinking {unknown}
Potions
 d - a potion of magic {unknown}
 e - a potion of berserk rage {unknown}
 g - a potion of lignification


   Skills:
 + Level 6.6 Fighting
 + Level 1.2 Short Blades
 + Level 1.2 Long Blades
 + Level 4.6 Axes
 + Level 1.2 Maces & Flails
 + Level 1.2 Polearms
 + Level 1.2 Staves
 + Level 1.2 Slings
 + Level 1.2 Bows
 + Level 1.2 Crossbows
 + Level 1.2 Throwing
 + Level 4.6 Armour
 + Level 2.8 Dodging
 + Level 1.2 Stealth
 + Level 1.2 Shields
 + Level 1.2 Unarmed Combat
 + Level 1.2 Spellcasting
 + Level 1.0 Conjurations
 + Level 1.0 Hexes
 + Level 1.0 Summonings
 + Level 1.0 Necromancy
 + Level 1.0 Translocations
 + Level 1.0 Transmutations
 + Level 1.0 Fire Magic
 + Level 1.0 Ice Magic
 + Level 1.0 Air Magic
 + Level 1.0 Earth Magic
 + Level 1.0 Poison Magic
 + Level 4.7 Invocations
 + Level 1.2 Evocations


You had 5 spell levels left.
You didn't know any spells.
Your spell library contained the following spells:

 Spells                   Type           Power      Damage    Failure   Level
 Sting                    Tmut/Pois      12%        1d3       100%        1
 Poisonous Vapours        Pois/Air       6%         N/A       100%        2
 Dazzling Flash           Conj/Hex       6%         N/A       100%        3
 Iskenderun's Mystic Bla  Conj/Tloc      3%         2d3       100%        4
 Olgreb's Toxic Radiance  Pois           3%         N/A       100%        4
 Starburst                Conj/Fire      1%         6d3       100%        6


Dungeon Overview and Level Annotations

Branches:
Dungeon (2/15)

Altars:


Innate Abilities, Weirdness & Mutations

You have very sharp teeth.
Your uncanny sense of smell can sniff out nearby items.
Your experience applies equally to all skills.
You are very weak. (Str -4)


Message History

Your Air Magic skill increases to level 1!
Your Earth Magic skill increases to level 1!
Your Poison Magic skill increases to level 1!
Unknown command.
You feel sick.
You feel sick.
You feel sick.
You feel sick.
You feel sick.
You are no longer poisoned.
d - a murky pink potion
Found a stone staircase leading down.
A ball python comes into view.
The ball python hisses angrily.
A ball python is nearby!
The ball python bites you but does no damage.
You block the ball python's attack.
You closely miss the ball python. You block the ball python's attack.
The ball python grabs you. The ball python constricts you.
Unknown command.
You closely miss the ball python.
The ball python bites you but does no damage.
The ball python constricts you. You block the ball python's attack.
The ball python constricts you.
You hit the ball python.
The ball python is severely wounded.
You block the ball python's attack. The ball python constricts you.
The ball python bites you but does no damage.
The ball python constricts you.
Unknown command.
You hit the ball python.
You kill the ball python!
Lugonu accepts your kill.
You see here a ball python corpse.
Unknown command.
Found a green potion.
Unknown command.
e - a green potion
Found 8 gold pieces.
Are you sure you want to abandon this character and quit the game? (Confirm with "yes".)

#. #. #.##.# #.#. #.##.#
#.##.# #.#. ..$#.# #.##.##
#.#. #..# #.#...## #.#.
..####......###...
..##........)####.
#.##..........###.
.########.#...............
.........@#...........###.
.#######.##..........## #.
#.##.###.....## #. #..#.
##...## #. ##.# ##### #.
#.# #. #.# #. #.# #.# #.#


There were no monsters in sight!

Vanquished Creatures
  3 gnolls (D:2)
  2 adders (D:2)
  A worm (D:2)
  2 dart slugs
  3 ball pythons
  3 bats
  3 giant cockroaches
  7 goblins
  3 jackals (D:1)
  7 kobolds
  4 rats
38 creatures vanquished.

Notes
Turn   | Place    | Note
-------+----------+-------------------------------------------
     0 | Abyss:1  | Gargoyl the Gnoll Abyssal Knight began the quest for the
                  | Orb.
     0 | Abyss:1  | Reached XP level 1. HP: 23/23 MP: 3/3
   118 | Abyss:2  | Found a corrupted altar of Lugonu.
   173 | Abyss:2  | Noticed a soul eater
   183 | Abyss:2  | Found a corrupted altar of Lugonu.
   196 | Abyss:2  | Noticed a thrashing horror
   199 | D:1      | Escaped the Abyss
   453 | D:1      | Reached XP level 2. HP: 24/29 MP: 5/5
   522 | D:1      | Reached * piety under Lugonu
   941 | D:1      | Reached XP level 3. HP: 35/35 MP: 6/6
   960 | D:1      | Found a faded altar of an unknown god.
  1184 | D:2      | Gained mutation: You are partially covered in iridescent
                  | scales. (AC +2) [potion of mutation]
  1184 | D:2      | Gained mutation: You do not regenerate when monsters are
                  | visible. [potion of mutation]
  1184 | D:2      | Gained mutation: You have large cloven feet. [potion of
                  | mutation]
  1249 | D:2      | Reached skill level 1 in Short Blades
  1249 | D:2      | Reached skill level 1 in Long Blades
  1249 | D:2      | Reached skill level 1 in Maces & Flails
  1249 | D:2      | Reached skill level 1 in Polearms
  1249 | D:2      | Reached skill level 1 in Staves
  1249 | D:2      | Reached skill level 1 in Slings
  1249 | D:2      | Reached skill level 1 in Bows
  1249 | D:2      | Reached skill level 1 in Crossbows
  1249 | D:2      | Reached skill level 1 in Throwing
  1249 | D:2      | Reached skill level 1 in Stealth
  1249 | D:2      | Reached skill level 1 in Shields
  1249 | D:2      | Reached skill level 1 in Unarmed Combat
  1249 | D:2      | Reached skill level 1 in Spellcasting
  1249 | D:2      | Reached skill level 1 in Evocations
  1249 | D:2      | Reached XP level 4. HP: 19/41 MP: 7/7
  1635 | D:2      | Lost mutation: You do not regenerate when monsters are
                  | visible. [potion of mutation]
  1635 | D:2      | Lost mutation: You are partially covered in iridescent
                  | scales. (AC +2) [potion of mutation]
  1635 | D:2      | Lost mutation: You have large cloven feet. [potion of
                  | mutation]
  1635 | D:2      | Gained mutation: You are weak. (Str -2) [potion of
                  | mutation]
  1635 | D:2      | Gained mutation: You are very weak. (Str -4) [potion of
                  | mutation]
  1697 | D:2      | Reached skill level 1 in Conjurations
  1697 | D:2      | Reached skill level 1 in Hexes
  1697 | D:2      | Reached skill level 1 in Summonings
  1697 | D:2      | Reached skill level 1 in Necromancy
  1697 | D:2      | Reached skill level 1 in Translocations
  1697 | D:2      | Reached skill level 1 in Transmutations
  1697 | D:2      | Reached skill level 1 in Fire Magic
  1697 | D:2      | Reached skill level 1 in Ice Magic
  1697 | D:2      | Reached skill level 1 in Air Magic
  1697 | D:2      | Reached skill level 1 in Earth Magic
  1697 | D:2      | Reached skill level 1 in Poison Magic
  1867 | D:2      | Quit the game

Illustrated notes

Levels and vault maps discovered:
D:1:      dpeg_arrival_another_circle, layout_loops_ring,
          shapermc_ecumenical_altar_mp_vishouse, hangedman_decor_peaks_small
D:2:      layout_loops_ring, uniq_terence, uniq_sigmund

Skill      XL: |  1  2  3  4 |
---------------+-------------+-----
Short Blades   | 1 |  1.2
Long Blades    | 1 |  1.2
Maces & Flails | 1 |  1.2
Polearms       | 1 |  1.2
Staves         | 1 |  1.2
Slings         | 1 |  1.2
Bows           | 1 |  1.2
Crossbows      | 1 |  1.2
Throwing       | 1 |  1.2
Stealth        | 1 |  1.2
Shields        | 1 |  1.2
Unarmed Combat | 1 |  1.2
Spellcasting   | 1 |  1.2
Evocations     | 1 |  1.2
Conjurations   | 1 |  1.0
Hexes          | 1 |  1.0
Summonings     | 1 |  1.0
Necromancy     | 1 |  1.0
Translocations | 1 |  1.0
Transmutations | 1 |  1.0
Fire Magic     | 1 |  1.0
Ice Magic      | 1 |  1.0
Air Magic      | 1 |  1.0
Earth Magic    | 1 |  1.0
Poison Magic   | 1 |  1.0
Fighting       | |  6.6
Axes           | |  4.6
Armour         | |  4.6
Dodging        | |  2.8
Invocations    | |  4.7

Action                   |  1- 3 |  4- 6 || total
-------------------------+-------+-------++-------
Melee: Hand axe          |    63 |    38 ||   101
       Bite              |     6 |     1 ||     7
       Kick              |     6 |     5 ||    11
Invok: Depart the Abyss  |     1 |       ||     1
  Use: Scroll            |     5 |       ||     5
       Potion            |     1 |     1 ||     2
Armor: Leather armour    |    23 |       ||    23
       Scale mail        |     4 |    28 ||    32
Dodge: Dodged            |    42 |    17 ||    59
Block: Kite shield       |     5 |    32 ||    37

Table legend: (Time is in decaauts)
 A = Elapsed time spent in this place.
 B = Non-inter-level travel time spent in this place.
 C = Inter-level travel time spent in this place.
 D = Time resting spent in this place.
 E = Time spent auto-exploring this place.
 F = Levels seen in this place.
 G = Mean time per level.
                   A        B        C        D        E       F      G
               +--------+--------+--------+--------+--------+-----+--------+
         Total |   1888 |   1862 |     26 |      0 |   1455 |   4 |  472.0 |
       Dungeon |   1690 |   1664 |     26 |      0 |   1294 |   2 |  845.0 |
         Abyss |    198 |    198 |      0 |      0 |    161 |   2 |   99.0 |
               +--------+--------+--------+--------+--------+-----+--------+

Top non-repeatable levels by time:
     D:1: 980 daAuts
     D:2: 710 daAuts
 Abyss:1: 117 daAuts
 Abyss:2: 80 daAuts
